 Dungeon Crawl Stone Soup version 0.28-a0-479-g5baa6b73be (webtiles) character file.

Game seed: 2209027993432252934

12448 Spaninq the Arsonist (level 11, -1/99 HPs)
             Began as a Pale Draconian Cinder Acolyte on Sept 17, 2021.
             Was a High Priest of Ignis.
             Slain by a boulder beetle (17 damage)
             ... on level 11 of the Dungeon.
             The game lasted 00:37:31 (14510 turns).

Spaninq the Arsonist (DrCA)                        Turns: 14510, Time: 00:37:33

Health: -1/99      AC: 10    Str: 17    XL:     11   Next: 62%
Magic:  10/25      EV: 15    Int: 16    God:    Ignis [*****.]
Gold:   335        SH:  0    Dex:  8    Spells: 24/31 levels left

rFire   + . .      SeeInvis .   p - +1 whip (elec)
rCold   . . .      Faith    .   (no shield)
rNeg    . . .      Spirit   .   (armour unavailable)
rPois   .          Reflect  .   E - +1 hat
rElec   .          Harm     .   F - +0 cloak
rCorr   .          Rampage  .   b - +0 pair of gloves
Will    .....                   (no boots)
Stlth   +.........              (no amulet)
HPRegen 0.26/turn               f - +4 ring of evasion
MPRegen 0.19/turn               (no ring)

@: short of breath, very slightly contaminated, invisible
A: breathe steam, AC +7, unfitting armour, cold-blooded, steam resistance
a: Breathe Steam, Renounce Religion, Sea of Fire, Foxfire Swarm, Rising Flame


You were on level 11 of the Dungeon.
You worshipped Ignis.
Ignis was extremely pleased with you.
You visited 2 branches of the dungeon, and saw 12 of its levels.

You collected 841 gold pieces.
You spent 506 gold pieces at shops.

Inventory:

Hand Weapons
 a - a -1 falchion of flaming
 g - a +1 quarterstaff of flaming
 o - a +1 whip of venom
 p - a +1 whip of electrocution (weapon)
Armour
 b - a +0 pair of gloves (worn)
 E - a +1 hat (worn)
 F - a +0 cloak (worn)
Magical Staves
 c - a staff of conjuration
Jewellery
 f - a +4 ring of evasion (left hand)
 h - an amulet of magic regeneration
 k - the ring "Rioczoas" {rElec rPois rF+ Str+2}
   (You found it on level 10 of the Dungeon)

   [ring of poison resistance]

   Str:       It affects your strength (+2).
   rF:        It protects you from fire.
   rElec:     It insulates you from electricity.
   rPois:     It protects you from poison.
Wands
 m - a wand of flame (14)
 B - a wand of charming (9)
 G - a wand of mindburst (12)
Scrolls
 e - 3 scrolls of teleportation
 n - a scroll of fear
 s - a scroll of immolation {unknown}
 t - 5 scrolls of enchant armour
 y - 3 scrolls of enchant weapon
Potions
 d - a potion of invisibility
 i - a potion of attraction {unknown}
 j - 2 potions of might {unknown}
 l - a potion of ambrosia {unknown}
 q - 4 potions of resistance
 r - a potion of magic {unknown}
 u - 5 potions of curing
 v - 2 potions of heal wounds {unknown}
 w - a potion of berserk rage {unknown}
 x - a potion of lignification {unknown}
 z - 2 potions of degeneration {unknown}
 A - a potion of cancellation {unknown}
 C - 3 potions of brilliance
 D - 2 potions of mutation {unknown}


   Skills:
 + Level 9.6 Fighting
 - Level 3.3 Long Blades
 * Level 10.7 Spellcasting
 + Level 12.4 Fire Magic
 * Level 4.1 Earth Magic


You had 24 spell levels left.
You knew the following spells:

 Your Spells              Type           Power      Damage    Failure   Level
a - Scorch                Fire           96%        2d10      1%          2
b - Lee's Rapid Deconstr  Erth           10%        3d9*      41%         5

Your spell library contained the following spells:

 Spells                   Type           Power      Damage    Failure   Level
 Sting                    Tmut/Pois      32%        1d4       9%          1
 Summon Small Mammal      Summ           32%        N/A       9%          1
 Ensorcelled Hibernation  Hex/Ice        16%        N/A       13%         2
 Poisonous Vapours        Pois/Air       16%        N/A       13%         2
 Call Canine Familiar     Summ           8%         N/A       26%         3
 Dazzling Flash           Conj/Hex       16%        N/A       26%         3
 Spider Form              Tmut/Pois      4%         N/A       26%         3
 Summon Guardian Golem    Hex/Summ       8%         N/A       26%         3
 Ice Form                 Ice/Tmut       8%         N/A       63%         4
 Iskenderun's Mystic Bla  Conj/Tloc      8%         2d4       63%         4
 Olgreb's Toxic Radiance  Pois           8%         N/A       63%         4
 Starburst                Conj/Fire      14%        6d6       69%         6
 Freezing Cloud           Conj/Ice/Air   4%         6-21      93%         5
 Statue Form              Tmut/Erth      10%        N/A       99%         6
 Shatter                  Erth           10%        3d12*     100%        9


Dungeon Overview and Level Annotations

Branches:
Dungeon (11/15)            Temple (1/1) D:4            Lair (0/6) D:10
    Orc (0/2) D:9

Altars:
Ashenzari
Cheibriados
Dithmenos
Elyvilon
Fedhas
Gozag
Hepliaklqana
Kikubaaqudgha
Makhleb
Nemelex Xobeh
Okawaru
Qazlal
Ru
Sif Muna
Trog
Uskayaw
Vehumet
Wu Jian
Xom
Yredelemnul
Zin
The Shining One
Beogh

Shops:
D:9 *

Annotations:
D:5 3 runed translucent doors, RandomusNamus's ghost, novice DjFE


Innate Abilities, Weirdness & Mutations

You can breathe blasts of scalding, opaque steam.
Your pale cyan-grey scales are hard. (AC +7)
You cannot fit into any form of body armour.
You are cold-blooded and may be slowed by cold attacks.
You are immune to the effects of steam.


Message History

You have got your breath back.
The boulder beetle bites you.
Casting: Scorch (safe; 1% risk of failure)
Confirm with . or Enter, or press ? or * to list all spells.
Flames lash the boulder beetle but do no damage.
The boulder beetle bites you!!
Casting: Scorch (safe; 1% risk of failure)
Confirm with . or Enter, or press ? or * to list all spells.
Flames lash the boulder beetle but do no damage.
The boulder beetle misses you.
Casting: Scorch (safe; 1% risk of failure)
Confirm with . or Enter, or press ? or * to list all spells.
Flames lash the boulder beetle but do no damage.
The boulder beetle closely misses you.
Casting: Scorch (safe; 1% risk of failure)
Confirm with . or Enter, or press ? or * to list all spells.
Flames lash the boulder beetle but do no damage.
The boulder beetle bites you!
You fade into invisibility!
The boulder beetle misses you.
You are very lightly contaminated with residual magic.
Okay, then.
There is an open door here.
There is an open door here.
There is an open door here.
Okay, then.
Casting: Scorch (safe; 1% risk of failure)
Confirm with . or Enter, or press ? or * to list all spells.
Flames lash the boulder beetle.
The boulder beetle is lightly wounded.
The boulder beetle's fire resistance burns away.
The boulder beetle bites you!!
* * * LOW HITPOINT WARNING * * *
Press: ? - help, Shift-Dir - straight line, f/p - boulder beetle
Aim: a boulder beetle (lightly wounded, more vulnerable to fire)
You exhale a blast of scalding steam.
The ball of steam hits the boulder beetle but does no damage.
The boulder beetle is lightly wounded.
The boulder beetle bites you!
You die...

. #..........#....# #...... .
#..........#....# #......
#..........#....# #...... #
#####...###...###'######......
####.......###...##..##...#####..
..................#.....).....#..
..................ยง...........+..
.................B#...........#..
################@#######'###+##..
# .......................#
.....(.................#
.......................#
.......................#
.......................#
.......................#
####.......############# ###
####### #


You could see a boulder beetle (combustible).

Vanquished Creatures
  A boulder beetle (D:10)
  A centaur warrior (D:8)
  4 two-headed ogres
  An unseen horror (D:11)
  A hornet (D:11)
  A troll (D:9)
  Prince Ribbit (D:7)
  A shadow (D:9)
  2 wyverns
  18 yaks
  A human (D:9)
  2 acid dragons
  A water moccasin (D:9)
  2 black bears
  8 orc warriors
  3 sky beasts
  4 centaurs
  4 bullfrogs
  4 scorpions
  A water moccasin skeleton (D:5)
  6 killer bees (D:11)
  4 wights (D:9)
  4 howler monkeys
  3 centaur zombies
  2 hounds
  7 jellies
  9 orc priests
  A bullfrog skeleton (D:6)
  Crazy Yiuf (D:7)
  4 iguanas
  8 orc wizards
  Terence (D:2)
  4 hound skeletons (D:4)
  A howler monkey zombie (D:6)
  8 adders
  A shadow imp (D:6)
  2 white imps
  An ufetubus (D:4)
  An adder skeleton (D:4)
  A worm (D:2)
  4 dart slugs
  37 orcs
  7 endoplasms
  3 giant cockroaches
  10 goblins
  11 hobgoblins
  3 kobolds
  3 quokkas
  14 ball pythons
  4 bats
  7 frilled lizards
  6 rats
239 creatures vanquished.

Vanquished Creatures (others)
  11 fungi (D:10)
  12 plants
23 creatures vanquished.

Grand Total: 262 creatures vanquished

Notes
Turn   | Place    | Note
-------+----------+-------------------------------------------
     0 | D:1      | Spaninq the Draconian Cinder Acolyte began the quest for
                  | the Orb.
     0 | D:1      | Reached XP level 1. HP: 19/19 MP: 2/2
   227 | D:1      | Reached XP level 2. HP: 26/26 MP: 3/3
   230 | D:1      | Learned a level 2 spell: Scorch
   575 | D:1      | Reached XP level 3. HP: 30/31 MP: 0/5
  1715 | D:2      | Reached XP level 4. HP: 40/40 MP: 0/6
  2080 | D:2      | Noticed Terence
  2472 | D:3      | Reached skill level 4 in Fire Magic
  3625 | D:2      | Reached XP level 5. HP: 46/46 MP: 1/8
  4254 | D:4      | Found a sacrificial altar of Ru.
  4389 | D:4      | Reached XP level 6. HP: 53/53 MP: 1/10
  4488 | D:4      | Noticed a sky beast
  4493 | D:4      | Killed a sky beast
  4494 | D:4      | Reached skill level 5 in Fire Magic
  4621 | D:4      | Found a staircase to the Ecumenical Temple.
  4628 | Temple   | Entered the Ecumenical Temple
  5042 | D:4      | Your scales start taking on a pale cyan-grey colour.
  5042 | D:4      | Reached skill level 6 in Fire Magic
  5042 | D:4      | Reached XP level 7. HP: 57/60 MP: 3/13
  5042 | D:4      | Gained mutation: You are immune to the effects of steam.
                  | [Pale Draconian growth]
  5651 | D:2      | Killed Terence
  5652 | D:2      | Reached skill level 5 in Fighting
  5696 | D:5      | Entered Level 5 of the Dungeon
  5698 | D:5      | Found a runed translucent gate.
  5698 | D:5      | Found a runed translucent gate.
  5698 | D:5      | Found a runed translucent gate.
  5698 | D:5      | Noticed RandomusNamus's ghost (novice DjFE)
  5774 | D:5      | Found a glowing silver altar of Zin.
  5908 | D:5      | Found a stormy altar of Qazlal.
  5922 | D:5      | Found an opulent altar of Gozag.
  6144 | D:5      | Reached skill level 5 in Spellcasting
  6144 | D:5      | Reached skill level 7 in Fire Magic
  6532 | D:5      | Reached XP level 8. HP: 64/69 MP: 10/15
  6887 | D:6      | Reached skill level 8 in Fire Magic
  7116 | D:6      | Found a blossoming altar of Fedhas.
  7116 | D:6      | Found a basalt altar of Yredelemnul.
  7325 | D:7      | Noticed Prince Ribbit
  7331 | D:7      | Killed Prince Ribbit
  7441 | D:7      | Got Tealiqa's Catalogue of the Frostbite
  7549 | D:7      | Noticed a two-headed ogre
  7577 | D:7      | Killed a two-headed ogre
  7578 | D:7      | Reached skill level 9 in Fire Magic
  7578 | D:7      | Reached XP level 9. HP: 33/78 MP: 11/19
  7904 | D:7      | Found a hide-covered altar of Uskayaw.
  7952 | D:7      | Found a runed translucent door.
  7953 | D:7      | Noticed Crazy Yiuf
  7958 | D:7      | Killed Crazy Yiuf
  8542 | D:8      | Identified a scroll of acquirement
  8542 | D:8      | Acquired a book of Spectacle
  8559 | D:8      | Noticed a two-headed ogre
  8857 | D:8      | Killed a two-headed ogre
  8858 | D:8      | Reached skill level 10 in Fire Magic
  8921 | D:8      | Noticed a two-headed ogre
  8995 | D:8      | Noticed a two-headed ogre
  8996 | D:8      | Reached XP level 10. HP: 86/88 MP: 6/22
  9254 | D:8      | Killed a two-headed ogre
  9382 | D:8      | Killed a two-headed ogre
  9383 | D:8      | Reached skill level 11 in Fire Magic
 10376 | D:9      | Noticed a centaur warrior
 10525 | D:9      | Found a hazy altar of Hepliaklqana.
 11288 | D:8      | Killed a centaur warrior
 11678 | D:9      | Found a sparkling altar of Nemelex Xobeh.
 11700 | D:9      | Reached XP level 11. HP: 97/97 MP: 15/24
 11711 | D:9      | Reached skill level 12 in Fire Magic
 11721 | D:9      | Reached skill level 10 in Spellcasting
 11905 | D:9      | Found a staircase to the Orcish Mines.
 12097 | D:9      | Found Fipraid's Elemental Accessories.
 12107 | D:9      | Bought the Almanac of Stones for 506 gold pieces
 12113 | D:9      | Learned a level 5 spell: Lee's Rapid Deconstruction
 12417 | D:10     | Entered Level 10 of the Dungeon
 12463 | D:10     | Reached skill level 1 in Earth Magic
 12623 | D:10     | Identified the ring "Rioczoas" {rElec rPois rF+ Str+2}
 12719 | D:10     | Found a runed translucent door.
 13164 | D:10     | Found a staircase to the Lair.
 13238 | D:10     | Noticed a boulder beetle
 13260 | D:10     | Killed a boulder beetle
 13549 | D:10     | Identified the +4 leather armour of the Swamp {Harm rCorr}
 14474 | D:11     | Noticed a boulder beetle
 14510 | D:11     | Slain by a boulder beetle

Illustrated notes

Levels and vault maps discovered:
D:1:      minmay_arrival_three_doors, layout_loops_ring
D:2:      layout_rooms, uniq_terence
D:3:      layout_rooms
D:4:      layout_loops_corners, nicolae_ru_sacrificial_ziggurat,
          minmay_temple_entry_arrows, minmay_three_crescents
D:5:      layout_loops_ring, mainiacjoe_overflow_alcove_1,
          nicolae_gozag_cash_rules_everything_around_me,
          mainiacjoe_overflow_brackets, ebering_ghost_rock_garden,
          minmay_starry_boxes
D:6:      layout_rooms, gammafunk_temple_overflow_wave
D:7:      layout_gridville, mainiacjoe_overflow_chevrons,
          chequers_serial_rivers_micro_b, uniq_prince_ribbit1,
          uniq_crazy_yiuf_cottage
D:8:      layout_basic
D:9:      layout_rooms, kennysheep_mini, nemelex_diamond_rough_becter,
          erik_orc_4, serial_rivers, chequers_serial_rivers_micro_a,
          chequers_serial_rivers_room_b, chequers_serial_rivers_micro_b,
          chequers_serial_rivers_micro_a, minivault_26, nicolae_elemental_shop,
          minmay_between
D:10:     layout_roguey, grunt_lair_entry_orc_guard_hut, lightli_church_of_beogh
D:11:     layout_gridville
Temple:   dshaligram_water_room_temple

Skill      XL: |  1  2  3  4  5  6  7  8  9 10 11 |
---------------+----------------------------------+-----
Spellcasting   | 2 3 4 5 7 8 9 10 | 10.7
Fire Magic     | 4 6 7 9 10 11 12 | 12.4
Fighting       | 4 5 6 7 9 |  9.6
Earth Magic    | 4 |  4.1
Long Blades    | |  3.3

Action                   |  1- 3 |  4- 6 |  7- 9 | 10-12 || total
-------------------------+-------+-------+-------+-------++-------
Melee: Falchion          |    49 |       |       |       ||    49
       Quarterstaff      |     5 |     3 |       |       ||     8
       Tailslap          |     1 |       |     2 |     1 ||     4
       Whip              |       |     3 |    12 |    14 ||    29
Throw: Throwing net      |       |     2 |       |       ||     2
 Cast: Scorch            |    35 |    78 |    49 |   140 ||   302
 Abil: Breathe Steam     |       |       |    53 |    58 ||   111
  Use: Scroll            |       |       |     4 |    11 ||    15
       Potion            |       |       |       |     1 ||     1
Armor: Skin              |    33 |     7 |    10 |    35 ||    85
Dodge: Dodged            |    31 |    28 |    11 |    81 ||   151

Table legend: (Time is in decaauts)
 A = Elapsed time spent in this place.
 B = Non-inter-level travel time spent in this place.
 C = Inter-level travel time spent in this place.
 D = Time resting spent in this place.
 E = Time spent auto-exploring this place.
 F = Levels seen in this place.
 G = Mean time per level.
                   A        B        C        D        E       F      G
               +--------+--------+--------+--------+--------+-----+--------+
         Total |  14548 |  13943 |    605 |   3382 |   8367 |  12 | 1212.3 |
       Dungeon |  14415 |  13832 |    583 |   3382 |   8267 |  11 | 1310.5 |
        Temple |    132 |    110 |     22 |      0 |    100 |   1 |  132.0 |
               +--------+--------+--------+--------+--------+-----+--------+

Top non-repeatable levels by time:
     D:8: 2281 daAuts
    D:10: 1634 daAuts
     D:4: 1513 daAuts
     D:9: 1508 daAuts
     D:3: 1453 daAuts
     D:7: 1388 daAuts
     D:2: 1328 daAuts
     D:1: 1289 daAuts
     D:5: 884 daAuts
     D:6: 673 daAuts
    D:11: 459 daAuts
  Temple: 132 daAuts
